 Dungeon Crawl Stone Soup version 0.16-a0-791-gf1c67de (webtiles) character file.

261 Ratboiler the Nimble (level 5, -5/22 HPs)
             Began as a Felid Transmuter on Sept 28, 2014.
             Killed from afar by SnowFan's ghost (15 damage)
             ... with an orb of energy
             ... on Level 5 of the Dungeon.
             The game lasted 00:13:34 (5938 turns).

Ratboiler the Nimble (Felid Transmuter)             Turns: 5938, Time: 00:13:34

HP  -5/22        AC  2     Str  6      XL: 5   Next: 96%
MP   9/12        EV 30     Int 15      God:
Gold 194         SH  0     Dex 22      Spells:  3 memorised,  2 levels left
Lives: 0, deaths: 1

rFire  . . .     SeeInvis +       - Unarmed
rCold  . . .     Clarity  +     (armour unavailable)
rNeg   . . .     rCorr    .     (shield unavailable)
rPois  x         rRot     .     (helmet unavailable)
rElec  .         Spirit   .     (cloak unavailable)
SustAb .         Warding  .     (gloves unavailable)
rMut   .         Rnd*Tele +     (boots unavailable)
Gourm  .                        h - amulet of clarity
MR     .....                    t - cursed ring of teleportation
                                j - ring of stealth

@: spider-form, not resistant to hostile enchantments, fairly stealthy
A: paw claws, no armour, no weapons or thrown items, (fangs 0), see invisible,
carnivore 3, (speed 0), (shaggy fur 0), slow metabolism 1, jump 1
a: Jump Attack, End Transformation, Evoke Teleportation


You were on level 5 of the Dungeon.
You were very full.
You were in spider-form.
You visited 1 branch of the dungeon, and saw 5 of its levels.

You collected 194 gold pieces.

Inventory:

Missiles
 b - 24 arrows
Magical devices
 r - a wand of hasting (4)
Comestibles
 a - 4 meat rations
 f - a slice of pizza
 p - 2 beef jerkies
Scrolls
 c - a scroll of recharging
 e - a scroll of enchant armour
 g - a scroll of noise
 i - a scroll of magic mapping
 k - 3 scrolls of amnesia
Jewellery
 h - an amulet of clarity (around neck)
 j - a ring of stealth (left front leg)
 t - a cursed ring of teleportation (right front leg)
Potions
 o - a potion of resistance
 u - a potion of restore abilities
 v - a potion of curing {unknown}
Books
 d - a book of Changes

   Spells                             Type                      Level
   *Beastly Appendage                 Transmutation                1
   *Sticks to Snakes                  Transmutation                2
   *Spider Form                       Transmutation/Poison         3
   Ice Form                           Ice/Transmutation            4
   Blade Hands                        Transmutation                5


   Skills:
 - Level 1.0 Fighting
 + Level 8.0 Dodging
 - Level 3.0 Unarmed Combat
 - Level 2.0 Spellcasting
 - Level 4.1 Transmutations


You had 2 spell levels left.
You knew the following spells:

 Your Spells              Type           Power        Failure   Level  Hunger
a - Beastly Appendage     Trmt           ##....       14%         1    #......
b - Sticks to Snakes      Trmt           ##........   21%         2    ###....
c - Spider Form           Trmt/Pois      #.........   52%         3    ####...


Dungeon Overview and Level Annotations

Branches:
Dungeon (5/15)
 Temple: D:4-7

Altars:
Gozag
Yredelemnul

Annotations:
D:5 SnowFan's ghost, experienced DECj


Innate Abilities, Weirdness & Mutations

You cannot wear armour.
You are incapable of wielding weapons or throwing items.
((Your paws have sharp claws.))
((You have razor-sharp teeth.))
You have supernaturally acute eyesight.
You are carnivorous and can eat meat at any time.
((You cover ground quickly.))
((You are covered in fur (AC +1).))
You have a slow metabolism.
You can jump attack at a short distance.


Message History

Found 25 stones.
A kobold comes into view. It is wielding a dagger.
SnowFan's ghost (experienced Deep Elf Conjurer) comes into view.
SnowFan's ghost casts a spell.
SnowFan's ghost conjures a globe of magical energy!
Found 8 gold pieces.
Casting: Spider Form
Confirm with . or Enter, or press ? or * to list all spells.
You turn into a venomous arachnid creature.
SnowFan's ghost casts a spell at you. The orb of energy misses you.
The battlesphere fires!
The barrage of energy hits you!
Ouch! That really hurt!
The kobold misses you. SnowFan's ghost casts a spell at you.
The orb of energy hits the kobold.
The kobold dies!
The orb of energy explodes!
The mystic blast hits you!
Ouch! That really hurt!
You die...

... . ........... ....
............ ...
............##...
.........##.......
....(.....##.....###
#.............$.....#
....................####.
................s........
.........#...............
.........##.....).##...$
.........##.......# ##.
.......####..*....#
..#%...# #......W..
.......####..........
.........##..........
.........##.........


You could see SnowFan's ghost.

Vanquished Creatures
  A scorpion (D:4)
  An orc wizard (D:3)
  A human zombie (D:3)
  2 worker ants (D:4)
  4 adders
  An inept item mimic (D:2)
  A worm (D:5)
  An inept feature mimic (D:4)
  3 giant geckos (D:2)
  An ooze (D:2)
  9 orcs
  A ball python (D:3)
  7 bats
  8 giant cockroaches
  11 goblins
  10 hobgoblins
  11 kobolds
  2 quokkas
  4 giant newts
  A hobgoblin skeleton (D:4)
  11 jackals
  A kobold skeleton (D:4)
  7 rats
99 creatures vanquished.

Vanquished Creatures (collateral kills)
  An ogre (D:4)
1 creature vanquished.

Vanquished Creatures (others)
  A kobold (D:5)
1 creature vanquished.

Grand Total: 101 creatures vanquished

Notes
Turn   | Place    | Note
--------------------------------------------------------------
     0 | D:1      | Ratboiler, the Felid Transmuter, began the quest for the Orb.
     0 | D:1      | Reached XP level 1. HP: 9/9 MP: 4/4
   199 | D:1      | Reached XP level 2. HP: 12/12 MP: 3/5
   210 | D:1      | Learned a level 2 spell: Sticks to Snakes
   247 | D:1      | Reached skill level 4 in Dodging
  1056 | D:1      | Reached XP level 3. HP: 8/15 MP: 6/8
  1061 | D:1      | Learned a level 3 spell: Spider Form
  1428 | D:1      | Reached skill level 5 in Dodging
  1887 | D:2      | Found an opulent altar of Gozag.
  2270 | D:2      | Reached XP level 4. HP: 17/19 MP: 8/10
  3368 | D:3      | Noticed a human
  3577 | D:3      | Reached XP level 5. HP: 18/22 MP: 9/12
  3705 | D:3      | Found a basalt altar of Yredelemnul.
  4196 | D:4      | Reached skill level 6 in Dodging
  4292 | D:4      | HP: 1/22 [poisoned by a worker ant]
  4298 | D:4      | Succumbed to a worker ant's poison
  4299 | D:4      | Reached XP level 4. HP: 0/19 MP: 9/10
  4307 | D:4      | Reached XP level 5. HP: 22/22 MP: 8/12
  4472 | D:4      | Reached skill level 7 in Dodging
  5077 | D:4      | Noticed an ogre
  5120 | D:4      | Killed an ogre
  5645 | D:5      | Entered Level 5 of the Dungeon
  5697 | D:5      | Reached skill level 8 in Dodging
  5934 | D:5      | Noticed SnowFan's ghost (experienced DECj)
  5938 | D:5      | Killed from afar by SnowFan's ghost

Action                   |  1- 3 |  4- 6 || total
-------------------------+-------+-------++-------
Melee: Unarmed           |   133 |   161 ||   294
 Cast: Beastly Appendage |    17 |     8 ||    25
       Spider Form       |       |    15 ||    15
       Sticks to Snakes  |       |     6 ||     6
Evoke: Wand              |       |     1 ||     1
  Use: Scroll            |       |    11 ||    11
       Potion            |       |     3 ||     3
 Stab: Sleeping          |     5 |    11 ||    16
  Eat: Chunk             |    10 |    12 ||    22
